 Dungeon Crawl Stone Soup version 0.28-a0-80-g9707f7362f (webtiles) character file.

Game seed: 16607340784506651406

527 pokeman the Magician (level 7, 0/39 HPs)
             Began as a Deep Elf Hedge Wizard on Aug 4, 2021.
             Was a Follower of Vehumet.
             Slain by a killer bee zombie (6 damage)
             ... on level 5 of the Dungeon on Aug 5, 2021.
             The game lasted 00:09:37 (5430 turns).

pokeman the Magician (Deep Elf Hedge Wizard)        Turns: 5430, Time: 00:09:38

Health: 0/39       AC:  3    Str:  7    XL:     7   Next: 2%
Magic:  3/20       EV: 27    Int: 21    God:    Vehumet [*.....]
Gold:   118        SH:  0    Dex: 20    Spells: 10/21 levels left

rFire   . . .      SeeInvis .   l - +0 mace (vorpal)
rCold   . . .      Faith    .   (no shield)
rNeg    . . .      Spirit   .   q - +0 leather armour
rPois   +          Reflect  .   c - +0 hat
rElec   .          Harm     .   (no cloak)
rCorr   .          Rampage  .   (no gloves)
Will    .....                   (no boots)
Stlth   ++........              n - amulet of the acrobat
HPRegen 0.13/turn               h - ring of poison resistance
MPRegen 0.17/turn               s - +6 ring of dexterity

@: acrobatic, very slightly contaminated
A: no striking features
a: Renounce Religion


You were on level 5 of the Dungeon.
You worshipped Vehumet.
Vehumet was aware of your devotion.
You visited 1 branch of the dungeon, and saw 6 of its levels.

You collected 118 gold pieces.

Inventory:

Hand Weapons
 l - a +0 vorpal mace (weapon)
Missiles
 a - 28 bolts
 f - 3 curare-tipped darts
Armour
 c - a +0 hat (worn)
 q - a +0 leather armour (worn)
Jewellery
 h - a ring of poison resistance (left hand)
 i - a ring of protection from fire
 n - an amulet of the acrobat (around neck)
 s - a +6 ring of dexterity (right hand)
Scrolls
 b - a scroll of identify {unknown}
 e - a scroll of amnesia {unknown}
 j - a scroll of enchant armour {unknown}
 m - 4 scrolls of teleportation {unknown}
 p - a scroll of magic mapping {unknown}
 r - a scroll of noise {unknown}
Potions
 d - a potion of heal wounds {unknown}
 g - a potion of invisibility {unknown}
 k - 2 potions of degeneration {unknown}
 o - a potion of brilliance {unknown}


   Skills:
 + Level 1.7 Fighting
 - Level 1.0 Armour
 - Level 3.0 Dodging
 - Level 3.1 Stealth
 * Level 7.5 Spellcasting
 + Level 3.6 Conjurations
 - Level 1.1 Summonings
 - Level 1.1 Translocations
 + Level 2.0 Fire Magic
 - Level 1.0 Air Magic
 - Level 1.2 Poison Magic


You had 10 spell levels left.
You knew the following spells:

 Your Spells              Type           Power      Damage    Failure   Level
a - Magic Dart            Conj           92%        1d7       2%          1
b - Mephitic Cloud        Conj/Pois/Air  16%        N/A       16%         3
c - Call Imp              Summ           12%        N/A       12%         2
d - Blink                 Tloc           N/A        N/A       12%         2
e - Conjure Flame         Conj/Fire      19%        6-21      12%         3

Your spell library contained the following spells:

 Spells                   Type           Power      Damage    Failure   Level
 Sandblast                Erth           14%        2d6       12%         1
 Apportation              Tloc           24%        N/A       8%          1
 Summon Small Mammal      Summ           48%        N/A       8%          1
 Animate Skeleton         Necr           14%        N/A       12%         1
 Corona                   Hex            7%         N/A       12%         1
 Slow                     Hex            7%         N/A       19%         2
 Portal Projectile        Hex/Tloc       20%        N/A       28%         3
 Blade Hands              Tmut           3%         N/A       98%         5
 Excruciating Wounds      Necr           3%         N/A       98%         5


Dungeon Overview and Level Annotations

Branches:
Dungeon (6/15)
 Temple: D:4-7

Altars:
Vehumet

Shops:
D:2 ((


Message History

Confirm with . or Enter, or press ? or * to list all spells.
You miscast Blink.
You are very lightly contaminated with residual magic.
Nothing appears to happen.
The phantom barely misses you.
Unknown command.
Casting: Blink (safe; 12% risk of failure)
Confirm with . or Enter, or press ? or * to list all spells.
You blink.
The killer bee zombie hits you but does no damage.
The killer bee zombie completely misses you.
The killer bee zombie closely misses you.
The killer bee zombie misses you.
Casting: Blink (safe; 12% risk of failure)
Confirm with . or Enter, or press ? or * to list all spells.
You miscast Conjure Flame.
Nothing appears to happen.
The killer bee zombie hits you.
* * * LOW HITPOINT WARNING * * *
The killer bee zombie barely misses you.
Casting: Conjure Flame (dangerous; 12% risk of failure)
Confirm with . or Enter, or press ? or * to list all spells.
You blink.
Unknown command.
Casting: Blink (safe; 12% risk of failure)
Confirm with . or Enter, or press ? or * to list all spells.
You miscast Blink.
Nothing appears to happen.
The killer bee zombie hits you.
* * * LOW HITPOINT WARNING * * *
The killer bee zombie misses you.
Unknown command.
Casting: Blink (safe; 12% risk of failure)
Confirm with . or Enter, or press ? or * to list all spells.
You blink.
Unknown command.
A jelly comes into view.
The killer bee zombie hits you but does no damage.
The killer bee zombie barely misses you.
The killer bee zombie misses you. The killer bee zombie misses you.
The killer bee zombie completely misses you.
The killer bee zombie hits you.
You die...

#.##....#.### # ....### #
+....#...###+###.#........
#.##....#.$.........#....###.
#.......#...........#........
#.#....O#.....>.....#........
#.........#####.....#........
....#....##.........#........
........O##.....########.....
..........WZ@......# .......
.......##.....##...# ........
J...... #.....# .. # ...#####
..#.... #.....# .. .##....
#....... #.... #####.... ...
..... .....


You could see a phantom, an ogre and a killer bee zombie.

Vanquished Creatures
  A phantom (D:4)
  3 scorpions (D:4)
  2 iguanas
  Jessica (D:2)
  A killer bee zombie (D:3)
  2 adders (D:2)
  7 gnolls
  3 dart slugs
  3 worms
  8 orcs
  10 bats
  4 endoplasms
  8 goblins
  13 hobgoblins
  6 jackals
  5 kobolds
  2 quokkas
  5 ball pythons
  3 frilled lizards
  7 rats
94 creatures vanquished.

Vanquished Creatures (collateral kills)
  A gnoll (D:2)
  A bat (D:1)
2 creatures vanquished.

Grand Total: 96 creatures vanquished

Notes
Turn   | Place    | Note
-------+----------+-------------------------------------------
     0 | D:1      | pokeman the Deep Elf Hedge Wizard began the quest for the
                  | Orb.
     0 | D:1      | Reached XP level 1. HP: 10/10 MP: 7/7
   265 | D:1      | Reached XP level 2. HP: 16/16 MP: 2/9
   845 | D:1      | Reached skill level 5 in Spellcasting
   976 | D:1      | Reached XP level 3. HP: 20/20 MP: 6/11
   985 | D:1      | Learned a level 3 spell: Mephitic Cloud
   988 | D:1      | Learned a level 2 spell: Call Imp
   991 | D:1      | Learned a level 2 spell: Blink
   995 | D:1      | Learned a level 3 spell: Conjure Flame
  1341 | D:1      | You fall into a shaft and drop 1 floor!
  1531 | D:2      | Reached skill level 1 in Armour
  1631 | D:2      | Reached skill level 1 in Fighting
  1780 | D:2      | Noticed Jessica
  1788 | D:2      | Killed Jessica
  1789 | D:2      | Reached XP level 4. HP: 13/25 MP: 4/13
  1958 | D:2      | Found Asuguwko's Antique Weapon Emporium.
  2174 | D:2      | Reached skill level 1 in Fire Magic
  2420 | D:2      | Found Nigazaw's Weapon Shoppe.
  3131 | D:3      | Reached XP level 5. HP: 29/29 MP: 11/15
  3157 | D:3      | Found a faded altar of an unknown god.
  3212 | D:3      | Reached skill level 6 in Spellcasting
  3571 | D:3      | Found a radiant altar of Vehumet.
  3577 | D:3      | Became a worshipper of Vehumet
  4195 | D:4      | Reached skill level 1 in Air Magic
  4280 | D:4      | Reached XP level 6. HP: 34/34 MP: 10/17
  4471 | D:4      | Reached skill level 1 in Poison Magic
  4512 | D:4      | Reached skill level 7 in Spellcasting
  4694 | D:4      | Reached * piety under Vehumet
  4694 | D:4      | Offered knowledge of Sandblast by Vehumet.
  5357 | D:5      | Entered Level 5 of the Dungeon
  5358 | D:5      | You fall into a shaft and drop 1 floor!
  5402 | D:6      | Reached XP level 7. HP: 30/39 MP: 11/20
  5430 | D:5      | Slain by a killer bee zombie

Illustrated notes

Levels and vault maps discovered:
D:1:      co_arrival_random_square_maze, layout_rooms, minmay_distorted
D:2:      layout_rooms, serial_shops, shop, nicolae_shop_waterfront,
          nrook_uturn, uniq_jessica
D:3:      layout_loops_ring, lemuel_round_altar,
          ebering_ecumenical_altar_sacrificial
D:4:      layout_loops_ring, kennysheep_another_room
D:5:      layout_basic, grunt_temple_overflow_cloverleaf, temple_green
D:6:      layout_gridville, zin_academy, minmay_ruined_shrine

Skill      XL: |  1  2  3  4  5  6 |
---------------+-------------------+-----
Spellcasting   | 5 6 7 |  7.5
Armour         | 1 |  1.0
Fighting       | 1 |  1.7
Conjurations   | 2 3 |  3.6
Fire Magic     | 1 2 |  2.0
Dodging        | 3 |  3.0
Air Magic      | 1 |  1.0
Stealth        | 3 |  3.1
Poison Magic   | 1 |  1.2
Summonings     | |  1.1
Translocations | |  1.1

Action                   |  1- 3 |  4- 6 |  7- 9 || total
-------------------------+-------+-------+-------++-------
Melee: Dagger            |     9 |       |       ||     9
       Mace              |       |    14 |       ||    14
 Cast: Magic Dart        |   115 |   150 |       ||   265
       Call Imp          |     1 |     1 |       ||     2
       Mephitic Cloud    |       |     8 |       ||     8
       Conjure Flame     |       |     3 |       ||     3
       Blink             |       |       |     3 ||     3
 Stab: Confused          |       |     5 |       ||     5
Armor: Robe              |    13 |     2 |       ||    15
       Leather armour    |       |     5 |     2 ||     7
Dodge: Dodged            |    18 |    50 |    11 ||    79

Table legend: (Time is in decaauts)
 A = Elapsed time spent in this place.
 B = Non-inter-level travel time spent in this place.
 C = Inter-level travel time spent in this place.
 D = Time resting spent in this place.
 E = Time spent auto-exploring this place.
 F = Levels seen in this place.
 G = Mean time per level.
                   A        B        C        D        E       F      G
               +--------+--------+--------+--------+--------+-----+--------+
         Total |   5434 |   5340 |     94 |    162 |   4528 |   6 |  905.7 |
       Dungeon |   5434 |   5340 |     94 |    162 |   4528 |   6 |  905.7 |
               +--------+--------+--------+--------+--------+-----+--------+

Top non-repeatable levels by time:
     D:4: 1628 daAuts
     D:2: 1505 daAuts
     D:1: 1461 daAuts
     D:3: 766 daAuts
     D:6: 53 daAuts
     D:5: 19 daAuts
